Map: Taito Citadel LE

Players

HoldTheDoor

  • Race: Protoss Protoss
  • League: Diamond
  • Spawn Location: 11:00

UYscuti - Winner!

  • Race: Terran Terran
  • League: Diamond
  • Spawn Location: 5:00

VOD

Have the link to the VOD?

Description

Time

  • Played on: May 12, 2026, 1:55 p.m.
  • Length: 14:26
Show
View Real Time Build Order
Export as new Build Order

HoldTheDoor Protoss 

Build Orders: Colossus Rush 

Get SALT Encoding   

  12  0:00  Probe  
  13  0:12  Probe  
  14  0:17  Pylon  
  14  0:23  Probe  
  15  0:31  Probe  
  15  0:38  Gateway  
  15  0:39  Probe  
  17  0:50  Assimilator, Probe  
  18  1:03  Probe, Pylon  
  19  1:15  Probe  
  20  1:27  Probe  
  21  1:33  Cybernetics Core  
  21  1:37  Assimilator  
  22  1:40  Probe  
  22  1:52  Nexus  
  22  2:01  Pylon  
  22  2:06  Probe  
  23  2:14  Sentry, Warp Gate  
  25  2:21  Probe  
  26  2:33  Probe  
  26  2:35  Pylon  
  27  2:45  Probe, Adept  
  30  2:57  Probe  
  31  3:05  Probe  
  32  3:07  Robotics Facility  
  32  3:09  Probe  
  33  3:15  Pylon  
  33  3:17  Probe  
  33  3:19  Shield Battery, Stalker  
  34  3:21  Probe  
  37  3:27  Shield Battery  
  37  3:29  Probe  
  38  3:35  Probe  
  39  3:41  Gateway  
  39  3:45  Twilight Council, Probe  
  40  3:51  Probe  
  40  3:55  Observer  
  42  3:57  Probe  
  43  4:03  Probe  
  44  4:10  Immortal  
  46  4:24  Adept  
  46  4:29  Pylon, Charge  
  46  4:31  Shield Battery  
  48  4:32  Probe  
  48  4:33  Probe  
  50  4:46  Gateway  
  50  4:48  Gateway  
  50  4:50  Pylon  
  50  4:52  Gateway  
  50  4:53  Zealot  
  50  4:55  Zealot  
  50  4:59  Assimilator  
  54  5:05  Robotics Bay  
  55  5:07  Probe  
  55  5:10  Pylon  
  55  5:13  Pylon  
  55  5:17  Forge  
  55  5:19  Pylon  
  55  5:21  Zealot  
  55  5:23  Zealot  
  55  5:27  Probe  
  55  5:28  Probe  
  61  5:35  Assimilator  
  61  5:37  Pylon  
  61  5:39  Probe  
  62  5:44  Zealot x2  
  62  5:46  Zealot  
  62  5:48  Zealot  
  70  5:50  Probe  
  70  5:55  Probe  
  72  5:59  Colossus  
  72  6:02  Protoss Ground Weapons Level 1  
  78  6:11  Extended Thermal Lance  
  78  6:17  Probe  
  79  6:28  Zealot  
  79  6:29  Zealot x4  
  89  6:35  Gateway  
  89  6:49  Colossus, Zealot x5  
  105  7:13  Photon Cannon  
  105  7:14  Photon Cannon  
  105  7:27  Pylon  
  105  7:38  Nexus  
  105  7:40  Pylon  
  105  7:43  Pylon  
  105  7:47  Protoss Ground Weapons Level 2  
  105  7:51  Zealot  
  105  7:52  Zealot x4  
  105  7:53  Zealot  
  117  7:59  Pylon  
  117  8:03  Probe x2  
  117  8:12  Colossus  
  117  8:15  Probe  
  117  8:16  Forge  
  124  8:30  Templar Archives  
  124  8:31  Probe  
  125  8:37  Probe  
  126  8:43  Probe  
  127  8:56  Warp Prism  
  127  8:59  Photon Cannon  
  127  9:00  Protoss Ground Armor Level 1  
  127  9:02  Photon Cannon  
  127  9:04  Photon Cannon  
  127  9:08  Photon Cannon, Pylon  
  129  9:23  High Templar x4  
  129  9:24  High Templar x2  
  141  9:27  Archon x3  
  141  10:14  Stalker x5  
  141  10:15  Stalker  
  91  10:39  Zealot x6  
  91  10:52  Probe  
  91  10:53  Assimilator  
  92  10:57  Assimilator  
  92  10:58  Protoss Ground Weapons Level 3, Protoss Ground Armor Level 2  
  92  11:05  Gateway  
  92  11:06  Gateway  
  92  11:07  Gateway  
  92  11:09  Gateway  
  92  11:10  Gateway  
  92  11:11  Gateway  
  92  11:12  Gateway  
  92  11:13  Psionic Storm, Gateway  
  92  11:14  Gateway  
  92  11:17  Gateway  
  92  11:19  High Templar x4  
  92  11:20  High Templar x2  
  104  11:35  Archon  
  104  11:41  Probe  
  104  11:42  Probe x2, Pylon  
  107  11:52  Zealot x6  
  119  12:03  Immortal  
  123  12:31  Zealot  
  123  12:32  Zealot x11  
  123  12:33  Zealot x4  
  113  13:00  Zealot x7  
  113  13:01  Zealot x3  
  111  13:16  Pylon  
  111  13:17  Zealot x4  
  99  13:44  Stalker x2  
  99  13:45  Stalker x5  
  99  13:46  Stalker  
Show
View Real Time Build Order
Export as new Build Order

UYscuti Terran - Winner!

Build Orders:  

Get SALT Encoding   

  12  0:00  SCV  
  13  0:12  SCV  
  14  0:17  Supply Depot  
  14  0:24  SCV  
  15  0:41  Barracks  
  15  0:43  SCV  
  16  0:55  SCV  
  17  1:07  SCV  
  18  1:13  Barracks  
  18  1:15  Barracks  
  18  1:19  SCV  
  19  1:35  Orbital Command  
  19  1:44  Marine  
  20  2:05  Command Center  
  20  2:06  Marine  
  20  2:07  Marine  
  20  2:08  Marine  
  23  2:19  Supply Depot  
  23  2:23  Supply Depot  
  23  2:40  Marine x3  
  23  2:41  SCV  
  26  2:58  Marine x3  
  26  3:03  SCV  
  30  3:10  Command Center  
  30  3:16  Marine x2  
  32  3:20  SCV  
  32  3:25  Orbital Command  
  33  3:35  Refinery x2, SCV  
  33  3:36  Marine  
  33  3:41  Marine  
  36  3:47  SCV  
  37  3:59  SCV  
  35  4:11  SCV  
  34  4:18  SCV  
  34  4:23  Orbital Command  
  34  4:24  SCV  
  36  4:30  SCV  
  37  4:36  SCV  
  37  4:37  Barracks  
  37  4:38  Barracks, Factory  
  38  4:39  Barracks  
  38  4:42  SCV  
  38  4:44  Factory  
  39  4:48  SCV  
  39  4:50  SCV  
  41  4:54  SCV  
  42  5:00  SCV  
  42  5:02  SCV  
  42  5:06  SCV  
  45  5:12  SCV  
  46  5:14  SCV  
  46  5:18  SCV  
  48  5:24  SCV  
  48  5:26  SCV  
  48  5:27  Factory Tech Lab  
  50  5:28  Barracks  
  50  5:29  Barracks, Factory Tech Lab  
  50  5:30  Barracks  
  50  5:33  Barracks Tech Lab  
  50  5:34  Marine x3  
  50  5:35  Marine x2  
  55  5:37  SCV x2  
  55  5:38  SCV  
  58  5:48  Engineering Bay  
  58  5:49  SCV  
  60  5:50  SCV x2, Engineering Bay  
  60  5:51  Siege Tank  
  60  5:52  Siege Tank  
  67  6:01  Stimpack  
  67  6:02  Marine x2  
  69  6:15  Marine x4  
  69  6:16  SCV x3  
  76  6:18  Supply Depot x2  
  76  6:20  Marine  
  76  6:21  Supply Depot  
  76  6:24  Terran Infantry Weapons Level 1  
  77  6:30  Refinery  
  77  6:31  Refinery  
  77  6:34  Refinery  
  77  6:35  Refinery  
  77  6:37  Terran Infantry Armor Level 1  
  77  6:38  Marine x4  
  77  6:39  Marine  
  82  6:47  SCV x3  
  85  6:59  SCV x2  
  87  7:02  Siege Tank  
  87  7:04  Marine x5  
  87  7:05  Marine  
  96  7:10  Supply Depot  
  96  7:11  Supply Depot  
  96  7:14  Marine  
  97  7:17  Supply Depot x2  
  97  7:20  Siege Tank  
  99  7:28  Bunker  
  99  7:36  Marine x4  
  99  7:37  Bunker, Marine  
  103  7:40  SCV  
  105  7:45  Marine x3  
  108  7:53  Marine  
  108  7:54  Marine x2  
  108  7:57  SCV x3  
  112  8:07  Siege Tank  
  112  8:09  SCV x3  
  118  8:13  Siege Tank  
  121  8:21  SCV  
  122  8:28  Marine x4  
  122  8:29  Marine x2  
  122  8:30  Combat Shield  
  122  8:34  SCV x3  
  130  8:35  Armory  
  130  8:36  Marine x2  
  132  8:46  Marine x2, SCV x3  
  137  8:52  Siege Tank  
  137  8:55  Neosteel Armor  
  139  8:56  Hi-Sec Auto Tracking  
  139  8:58  SCV  
  140  9:03  Supply Depot x2  
  140  9:04  Supply Depot  
  140  9:05  Supply Depot x2  
  140  9:06  Supply Depot  
  140  9:10  Siege Tank  
  140  9:16  Marine  
  140  9:17  Marine x5  
  143  9:19  Marine  
  149  9:24  Siege Tank  
  149  9:25  Marauder  
  154  9:34  Marine x2  
  156  9:42  Terran Vehicle Weapons Level 1, Siege Tank  
  156  9:43  Starport  
  156  9:44  Starport  
  158  9:46  Marauder  
  158  9:47  Supply Depot  
  147  9:53  Orbital Command  
  147  9:56  Siege Tank  
  149  10:00  Marine x5  
  149  10:01  Marine x2  
  156  10:07  Marauder  
  156  10:09  Supply Depot  
  158  10:17  Marine  
  158  10:20  Barracks Tech Lab x5  
  140  10:29  Marauder  
  140  10:35  Marine x2  
  105  10:49  Siege Tank x2  
  97  10:50  Marauder  
  97  10:53  Marine x2  
  101  10:57  Starport Reactor x2  
  101  11:02  Terran Infantry Weapons Level 2  
  101  11:04  Terran Infantry Armor Level 2  
  101  11:11  Marine x2  
  101  11:12  Marauder  
  105  11:21  Siege Tank  
  105  11:23  Marauder x4  
  105  11:24  Concussive Shells  
  116  11:29  Marine x2  
  118  11:32  Marine  
  118  11:38  Command Center  
  119  11:43  Medivac  
  119  11:44  Medivac  
  119  11:46  Marine  
  124  11:56  Medivac x2  
  124  12:00  Marauder x3  
  134  12:04  Siege Tank  
  134  12:05  Marine  
  138  12:12  SCV x2  
  138  12:13  Medivac, Marauder, Marine  
  138  12:14  Marine  
  146  12:23  Marine x2  
  148  12:32  Marine x3  
  131  13:01  Marine x3  
  131  13:02  Marine x3  
  118  13:09  Marine x2  
  120  13:19  Marine x3  
  123  13:20  Marauder x3  
  129  13:27  Marauder x2  
  131  13:37  Marine  
  114  14:00  Marauder x6, Marine x2  
Tags
 
Add a new tag
Caveats
  • Supply blocks, unpowered buildings, or Contaminate may cause inaccurate times.
  • Supply counts are checked every 10 seconds.